[ AOE2 MATCH · #507367645 ]
UnrankedSlavs vs Burgundians
Player's team · LOSS
[ REPLAY ANALYSIS · EXTRACTED FROM THE RECORDED GAME ]
Feudal
11:08
Castle
22:21
Imperial
37:09
| APM avg | 48.9 |
| APM peak | 76 |
| eAPM avg | 26.1 |
| Villagers / military | 143 / 87 |
Focus
⚔️ 35.5% · 🌾 64.5%
Monk ×28 · Spearman ×28 · Skirmisher ×14 · Militia ×9 · Archer ×5 · Battering Ram ×2
Feudal
9:49
Castle
22:46
Imperial
43:38
| APM avg | 58.9 |
| APM peak | 93 |
| eAPM avg | 31.7 |
| Villagers / military | 166 / 178 |
Focus
⚔️ 37.6% · 🌾 62.4%
Scout Cavalry ×65 · Knight ×64 · Flemish Militia ×23 · Skirmisher ×12 · Coustillier ×7 · Battering Ram ×5
Match map
Initial resources + every placement click. Lines = walls · curves = elevation contours. ◆ gold · ⬟ stone · ● berries · ✦ relic · ◌ wall gap
Your base· Open — 8t gap
短路's base· Open — 3t gap
Smoothed initial terrain · ◌ = detected wall gap · hover for details
Inputs per minute
— NachoMontes - - 短路
Build order — NachoMontes
First 150 of 370 actions detected
| 0:01 | Create | Villager (Male) |
| 0:02 | Build | House |
| 0:04 | Build | House |
| 0:09 | Create | Villager (Male) |
| 0:12 | Create | Villager (Male) |
| 0:15 | Create | Villager (Male) |
| 1:29 | Create | Villager (Male) |
| 1:30 | Create | Villager (Male) |
| 1:49 | Create | Villager (Male) |
| 1:51 | Build | Lumber Camp |
| 2:21 | Create | Villager (Male) |
| 2:53 | Create | Villager (Male) |
| 3:00 | Create | Villager (Male) |
| 3:33 | Create | Villager (Male) |
| 3:50 | Build | House |
| 3:58 | Create | Villager (Male) |
| 4:31 | Create | Villager (Male) |
| 4:34 | Build | Barracks |
| 4:37 | Create | Villager (Male) |
| 5:00 | Create | Villager (Male) |
| 5:33 | Create | Militia |
| 5:35 | Build | House |
| 5:44 | Create | Villager (Male) |
| 5:49 | Create | Villager (Male) |
| 6:01 | Build | Mill |
| 6:09 | Create | Militia |
| 6:53 | Create | Villager (Male) |
| 6:59 | Create | Villager (Male) |
| 7:29 | Create | Villager (Male) |
| 7:32 | Create | Villager (Male) |
| 7:33 | Build | House |
| 7:44 | Build | Mill |
| 8:11 | Build | House |
| 8:14 | Create | Villager (Male) |
| 8:15 | Research | Loom |
| 8:34 | Build | Mining Camp |
| 8:44 | Research | Feudal Age |
| 9:15 | Create | Militia |
| 9:47 | Create | Militia |
| 9:53 | Create | Villager (Male) |
| 10:06 | Create | Villager (Male) |
| 11:08 | Age | Feudal Age |
| 11:09 | Research | Man-at-Arms (upgrade) |
| 11:10 | Build | Archery Range |
| 11:23 | Create | Villager (Male) |
| 11:27 | Create | Villager (Male) |
| 11:28 | Create | Militia |
| 11:29 | Create | Villager (Male) |
| 11:37 | Create | Villager (Male) |
| 11:45 | Create | Villager (Male) |
| 11:53 | Create | Militia |
| 12:02 | Build | Palisade Wall |
| 12:03 | Build | Palisade Wall |
| 12:05 | Build | Palisade Wall |
| 12:07 | Create | Villager (Male) |
| 12:14 | Build | Farm |
| 12:16 | Build | Farm |
| 12:16 | Build | Farm |
| 12:17 | Create | Villager (Male) |
| 12:45 | Build | Farm |
| 12:46 | Build | Farm |
| 12:46 | Create | Villager (Male) |
| 12:54 | Create | Archer |
| 12:58 | Build | Farm |
| 13:01 | Create | Archer |
| 13:20 | Create | Archer |
| 13:25 | Create | Archer |
| 13:26 | Create | Militia |
| 13:36 | Create | Villager (Male) |
| 13:47 | Build | Farm |
| 13:48 | Build | Farm |
| 13:51 | Create | Villager (Male) |
| 13:56 | Create | Militia |
| 14:05 | Build | Blacksmith |
| 14:33 | Create | Villager (Male) |
| 14:36 | Build | House |
| 14:44 | Build | Farm |
| 14:47 | Build | Farm |
| 14:59 | Build | Watch Tower |
| 15:05 | Create | Villager (Male) |
| 15:08 | Build | Palisade Wall |
| 15:12 | Create | Archer |
| 15:16 | Create | Skirmisher |
| 15:18 | Create | Villager (Male) |
| 15:20 | Create | Villager (Male) |
| 15:25 | Build | House |
| 15:26 | Build | House |
| 15:27 | Build | House |
| 15:28 | Create | Villager (Male) |
| 15:41 | Research | Fletching |
| 15:41 | Research | Fletching |
| 15:42 | Create | Skirmisher |
| 15:45 | Create | Villager (Male) |
| 15:46 | Create | Villager (Male) |
| 15:54 | Create | Skirmisher |
| 15:55 | Create | Villager (Male) |
| 16:06 | Create | Skirmisher |
| 16:07 | Create | Villager (Male) |
| 16:28 | Create | Skirmisher |
| 16:33 | Build | Farm |
| 16:56 | Create | Villager (Male) |
| 17:01 | Create | Skirmisher |
| 17:01 | Create | Villager (Male) |
| 17:03 | Create | Villager (Male) |
| 17:07 | Create | Villager (Male) |
| 17:10 | Build | House |
| 17:10 | Create | Villager (Male) |
| 17:12 | Build | House |
| 17:12 | Create | Villager (Male) |
| 17:18 | Create | Villager (Male) |
| 17:30 | Create | Villager (Male) |
| 17:40 | Build | Farm |
| 17:42 | Build | Farm |
| 17:43 | Build | Farm |
| 17:50 | Create | Skirmisher |
| 18:06 | Build | House |
| 18:25 | Create | Skirmisher |
| 18:30 | Create | Villager (Male) |
| 18:33 | Build | House |
| 18:34 | Build | Farm |
| 18:39 | Build | Palisade Wall |
| 18:40 | Create | Villager (Male) |
| 18:46 | Create | Skirmisher |
| 18:54 | Create | Villager (Male) |
| 19:12 | Create | Skirmisher |
| 19:28 | Build | Market |
| 19:41 | Research | Castle Age |
| 19:52 | Research | Double-Bit Axe |
| 20:04 | Build | Farm |
| 20:08 | Create | Skirmisher |
| 20:12 | Create | Villager (Male) |
| 20:20 | Create | Skirmisher |
| 20:21 | Create | Villager (Male) |
| 20:26 | Build | Farm |
| 20:31 | Research | Horse Collar |
| 20:40 | Build | Farm |
| 20:46 | Create | Villager (Male) |
| 20:53 | Build | House |
| 20:55 | Build | House |
| 21:04 | Build | Farm |
| 21:16 | Create | Villager (Male) |
| 21:17 | Build | House |
| 21:18 | Build | House |
| 21:21 | Build | House |
| 21:24 | Create | Villager (Male) |
| 21:26 | Create | Villager (Male) |
| 21:36 | Build | Farm |
| 22:00 | Build | Lumber Camp |
| 22:21 | Age | Castle Age |
| 22:24 | Research | Bodkin Arrow |
Build order — 短路
First 150 of 540 actions detected
| 0:01 | Create | Villager (Male) |
| 0:01 | Create | Villager (Male) |
| 0:02 | Build | House |
| 0:05 | Build | House |
| 0:16 | Create | Villager (Male) |
| 0:16 | Create | Villager (Male) |
| 1:24 | Create | Villager (Male) |
| 1:24 | Create | Villager (Male) |
| 1:51 | Build | Lumber Camp |
| 1:54 | Create | Villager (Male) |
| 1:54 | Create | Villager (Male) |
| 2:23 | Create | Villager (Male) |
| 2:48 | Research | Double-Bit Axe |
| 3:02 | Create | Villager (Male) |
| 3:02 | Create | Villager (Male) |
| 3:02 | Create | Villager (Male) |
| 3:19 | Create | Villager (Male) |
| 3:20 | Create | Villager (Male) |
| 3:47 | Create | Villager (Male) |
| 3:48 | Create | Villager (Male) |
| 3:56 | Build | House |
| 4:00 | Create | Villager (Male) |
| 4:20 | Build | Mill |
| 4:29 | Create | Villager (Male) |
| 5:06 | Create | Villager (Male) |
| 5:06 | Create | Villager (Male) |
| 5:57 | Research | Loom |
| 6:04 | Build | House |
| 6:24 | Create | Villager (Male) |
| 6:48 | Create | Villager (Male) |
| 7:09 | Create | Villager (Male) |
| 7:38 | Research | Feudal Age |
| 7:38 | Research | Feudal Age |
| 8:18 | Build | Mining Camp |
| 8:27 | Build | Barracks |
| 8:33 | Build | Palisade Wall |
| 8:50 | Build | Palisade Wall |
| 8:51 | Build | Palisade Wall |
| 8:52 | Build | Palisade Wall |
| 9:03 | Build | Palisade Wall |
| 9:08 | Create | Villager (Male) |
| 9:36 | Build | House |
| 9:39 | Build | Palisade Wall |
| 9:49 | Age | Feudal Age |
| 9:52 | Create | Flemish Militia |
| 9:52 | Create | Flemish Militia |
| 9:56 | Research | Horse Collar |
| 9:59 | Research | Bow Saw |
| 10:07 | Build | House |
| 10:08 | Build | Farm |
| 10:08 | Create | Villager (Male) |
| 10:10 | Create | Flemish Militia |
| 10:16 | Create | Villager (Male) |
| 10:17 | Create | Villager (Male) |
| 10:17 | Create | Villager (Male) |
| 10:21 | Build | Mill |
| 10:34 | Build | Farm |
| 10:43 | Create | Flemish Militia |
| 10:43 | Create | Flemish Militia |
| 10:48 | Create | Villager (Male) |
| 10:48 | Create | Villager (Male) |
| 10:58 | Build | House |
| 11:06 | Build | Farm |
| 11:26 | Create | Villager (Male) |
| 11:40 | Create | Flemish Militia |
| 11:48 | Build | Farm |
| 11:49 | Create | Villager (Male) |
| 12:17 | Create | Flemish Militia |
| 12:18 | Create | Flemish Militia |
| 12:19 | Create | Villager (Male) |
| 12:20 | Create | Villager (Male) |
| 12:20 | Create | Villager (Male) |
| 12:22 | Build | Archery Range |
| 12:39 | Create | Flemish Militia |
| 12:43 | Build | Farm |
| 12:45 | Build | Farm |
| 12:57 | Create | Villager (Male) |
| 12:58 | Create | Villager (Male) |
| 13:13 | Create | Flemish Militia |
| 13:29 | Build | Farm |
| 13:30 | Create | Skirmisher |
| 13:31 | Build | House |
| 13:43 | Create | Skirmisher |
| 13:44 | Create | Villager (Male) |
| 13:44 | Create | Villager (Male) |
| 13:44 | Create | Villager (Male) |
| 13:46 | Build | Farm |
| 13:50 | Build | House |
| 13:51 | Build | House |
| 13:57 | Create | Flemish Militia |
| 14:01 | Build | Blacksmith |
| 14:11 | Create | Villager (Male) |
| 14:11 | Create | Villager (Male) |
| 14:14 | Build | House |
| 14:16 | Build | Palisade Wall |
| 14:18 | Build | House |
| 14:24 | Build | Palisade Wall |
| 14:24 | Create | Villager (Male) |
| 14:24 | Create | Villager (Male) |
| 14:26 | Create | Skirmisher |
| 14:36 | Build | Farm |
| 14:42 | Create | Skirmisher |
| 14:45 | Build | House |
| 15:00 | Research | Fletching |
| 15:07 | Create | Villager (Male) |
| 15:07 | Create | Villager (Male) |
| 15:09 | Build | Farm |
| 15:19 | Build | House |
| 15:27 | Create | Villager (Male) |
| 15:33 | Build | Farm |
| 15:38 | Create | Skirmisher |
| 15:41 | Build | House |
| 15:45 | Create | Skirmisher |
| 15:53 | Build | Palisade Wall |
| 15:58 | Create | Villager (Male) |
| 16:01 | Build | Farm |
| 16:09 | Research | Arson |
| 16:09 | Research | Arson |
| 16:10 | Create | Villager (Male) |
| 16:10 | Create | Villager (Male) |
| 16:23 | Create | Skirmisher |
| 16:31 | Create | Skirmisher |
| 16:47 | Create | Skirmisher |
| 17:01 | Create | Skirmisher |
| 17:11 | Create | Villager (Male) |
| 17:22 | Research | Scale Mail Armor |
| 17:22 | Research | Scale Mail Armor |
| 17:22 | Create | Villager (Male) |
| 17:28 | Build | Farm |
| 17:30 | Research | Wheelbarrow |
| 17:31 | Research | Wheelbarrow |
| 17:35 | Create | Flemish Militia |
| 17:39 | Build | Farm |
| 17:55 | Create | Flemish Militia |
| 17:59 | Build | Farm |
| 18:00 | Build | Farm |
| 18:19 | Create | Villager (Male) |
| 18:34 | Create | Villager (Male) |
| 18:38 | Build | Farm |
| 18:42 | Build | Mill |
| 18:54 | Create | Flemish Militia |
| 19:00 | Build | Lumber Camp |
| 19:02 | Build | House |
| 19:09 | Create | Villager (Male) |
| 19:16 | Create | Skirmisher |
| 19:27 | Build | Farm |
| 19:44 | Create | Skirmisher |
| 20:00 | Build | Farm |
| 20:05 | Research | Castle Age |
| 20:05 | Research | Castle Age |
Match timeline
| 4:34 | NachoMontes · first_building Barracks |
| 8:27 | 短路 · first_building Barracks |
| 8:33 | 短路 · wall_segment Palisade Wall x1 |
| 8:50 | 短路 · wall_segment Palisade Wall x1 |
| 8:51 | 短路 · wall_segment Palisade Wall x1 |
| 8:52 | 短路 · wall_segment Palisade Wall x1 |
| 9:03 | 短路 · wall_segment Palisade Wall x1 |
| 9:39 | 短路 · wall_segment Palisade Wall x1 |
| 9:49 | 短路 · age_up feudal |
| 11:08 | NachoMontes · age_up feudal |
| 11:10 | NachoMontes · first_building Archery Range |
| 12:02 | NachoMontes · wall_segment Palisade Wall x1 |
| 12:03 | NachoMontes · wall_segment Palisade Wall x1 |
| 12:05 | NachoMontes · wall_segment Palisade Wall x1 |
| 12:22 | 短路 · first_building Archery Range |
| 14:16 | 短路 · wall_segment Palisade Wall x5 |
| 14:24 | 短路 · wall_segment Palisade Wall x5 |
| 15:08 | NachoMontes · wall_segment Palisade Wall x1 |
| 15:53 | 短路 · wall_segment Palisade Wall x10 |
| 18:39 | NachoMontes · wall_segment Palisade Wall x7 |
| 20:18 | 短路 · first_building Stable |
| 22:21 | NachoMontes · age_up castle |
| 22:31 | NachoMontes · first_market_buy 100 wood |
| 22:46 | 短路 · age_up castle |
| 23:04 | NachoMontes · first_building Monastery |
| 23:35 | 短路 · first_building Monastery |
| 27:10 | NachoMontes · first_market_sell 100 wood |
| 31:21 | 短路 · first_building Castle |
| 32:36 | NachoMontes · first_building Siege Workshop |
| 34:28 | NachoMontes · wall_segment Palisade Wall x1 |
| 35:35 | NachoMontes · wall_segment Palisade Wall x1 |
| 35:38 | NachoMontes · wall_segment Palisade Wall x1 |
| 36:50 | 短路 · first_building Siege Workshop |
| 37:09 | NachoMontes · age_up imperial |
| 38:25 | NachoMontes · first_building Castle |
| 43:38 | 短路 · age_up imperial |
| 43:59 | NachoMontes · resign |
[ AI ANALYSIS · 1 CREDIT ]
What really happened in this match?
Wolo.gg analyzes every decision: build order, eco, micro, common mistakes by bracket. Personalized analysis on WhatsApp or Discord in 30 seconds.
Civ guide
Slavs
Perfil
Jugador #2768283